 Dungeon Crawl Stone Soup version 0.28.0-53-g5a82cb258f (webtiles) character file.

Game seed: 5728694955130830252

2735 Eitelfritz the Zephyrmancer (level 9, -1/49 HPs)
             Began as a Tengu Air Elementalist on May 23, 2022.
             Was an Initiate of Vehumet.
             Slain by Pikel
             ... wielding a +2 whip of electrocution
              (13 damage)
             ... on level 7 of the Dungeon.
             The game lasted 00:28:26 (7973 turns).

Eitelfritz the Zephyrmancer (TeAE)                  Turns: 7973, Time: 00:28:27

Health: -1/49      AC:  7    Str: 10    XL:     9   Next: 67%
Magic:  22/28      EV: 15    Int: 18    God:    Vehumet [......]
Gold:   385        SH:  5    Dex: 15    Spells: 10/21 levels left

rFire   + . .      SeeInvis .   a - +2 spear (vamp)
rCold   . . .      Faith    .   (no shield)
rNeg    + . .      Spirit   .   B - +1 leather armour {rF+}
rPois   .          Reflect  +   t - +0 hat
rElec   .          Harm     .   (no cloak)
rCorr   .          Rampage  .   e - +2 pair of gloves {hurl}
Will    .....                   (boots unavailable)
Stlth   ++........              w - amulet of reflection
HPRegen 0.16/turn               c - ring of magical power
MPRegen 0.21/turn               d - ring of positive energy

@: flying quickly and evasively, quick
A: beak, talons 3, nimble flight
a: Renounce Religion


You were on level 7 of the Dungeon.
You worshipped Vehumet.
Vehumet was noncommittal.
You visited 2 branches of the dungeon, and saw 8 of its levels.

You collected 385 gold pieces.

Inventory:

Hand Weapons
 a - a +2 vampiric spear (weapon)
 f - a +0 trident
Missiles
 k - 6 curare-tipped darts (quivered)
 q - 6 datura-tipped darts
 r - 2 throwing nets
 s - 10 poisoned darts
Armour
 e - a +2 pair of gloves of hurling (worn)
 g - +0 acid dragon scales
 o - an orb of energy
 t - a +0 hat (worn)
 u - a +1 robe of willpower
 B - a +1 leather armour of fire resistance (worn)
Magical Staves
 b - a staff of conjuration
Jewellery
 c - a ring of magical power (left hand)
 d - a ring of positive energy (right hand)
 m - a ring of fire
 w - an amulet of reflection (around neck)
Wands
 j - a wand of iceblast (6)
 y - a wand of paralysis (10)
 A - a wand of flame (12)
Scrolls
 D - a scroll of teleportation
Potions
 h - 2 potions of curing
 i - 2 potions of heal wounds
 n - a potion of haste
 p - a potion of might
 v - a potion of attraction {unknown}
 x - a potion of flight {unknown}
 z - a potion of mutation {unknown}


   Skills:
 + Level 2.9 Fighting
 + Level 2.9(3.0) Polearms
 + Level 0.6(2.0) Staves
 + Level 0.3 Throwing
 + Level 2.9 Armour
 + Level 4.0 Dodging
 + Level 3.0 Stealth
 + Level 1.3 Shields
 + Level 6.6 Spellcasting
 + Level 7.6 Conjurations
 + Level 9.1 Air Magic


You had 10 spell levels left.
You knew the following spells:

 Your Spells              Type           Power      Damage    Failure   Level
a - Shock                 Conj/Air       100%       1d9       1%          1
b - Static Discharge      Conj/Air       36%        N/A       1%          2
c - Swiftness             Air            38%        N/A       1%          3
d - Airstrike             Air            19%        N/A       3%          4
e - Slow                  Hex            20%        N/A       16%         1

Your spell library contained the following spells:

 Spells                   Type           Power      Damage    Failure   Level
 Confusing Touch          Hex            5%         N/A       41%         3
 Gell's Gravitas          Tloc           5%         N/A       41%         3
 Vampiric Draining        Necr           5%         2d6       41%         3
 Malign Gateway           Summ/Tloc      2%         N/A       100%        7


Dungeon Overview and Level Annotations

Branches:
Dungeon (7/15)             Temple (1/1) D:5

Altars:
Ashenzari
Cheibriados
Elyvilon
Fedhas
Gozag
Hepliaklqana
Kikubaaqudgha
Makhleb
Nemelex Xobeh
Qazlal
Ru
Sif Muna
Uskayaw
Vehumet
Wu Jian
Xom
Zin
The Shining One

Shops:
D:6 (

Annotations:
D:7 Pikel


Innate Abilities, Weirdness & Mutations

You have a beak for a mouth.
You have claws for feet.
Your magical nature lets you fly swiftly and evasively.


Message History

Pikel is moderately wounded.
Pikel says, "You'll feel the lick of my whip!"
Unknown command.
Casting: Shock (safe; 1% risk of failure)
Confirm with . or Enter, or press ? or * to list all spells.
Aiming: Shock (safe; 1% risk of failure)
Press: ? - help, Shift-Dir - straight line, f/p - Pikel
Aim: Pikel, wielding a +2 whip of electrocution and wearing a +2 robe of cold resistance (moderately wounded, 67% to hit)
The zap hits Pikel!
Pikel is heavily wounded.
Reach: a) +2 spear (vamp)
Press: ? - help, Dir - move target, f/p - Pikel
Aim: Pikel, wielding a +2 whip of electrocution and wearing a +2 robe of cold resistance (heavily wounded, about 41% to evade your +2 vampiric spear)
You reach to attack!
You hit Pikel but do no damage.
Pikel is heavily wounded.
Unknown command.
Reach: a) +2 spear (vamp)
Press: ? - help, Dir - move target, f/p - Pikel
Aim: Pikel, wielding a +2 whip of electrocution and wearing a +2 robe of cold resistance (heavily wounded, about 41% to evade your +2 vampiric spear)
You reach to attack!
You hit Pikel but do no damage.
Pikel is heavily wounded.
You closely miss Pikel. Your kick misses Pikel.
You punch Pikel, but do no damage.
Pikel is heavily wounded.
You block Pikel's attack.
You hit Pikel but do no damage.
Pikel is heavily wounded.
Pikel drinks a potion.
Pikel goes berserk!
You hit Pikel but do no damage.
Pikel is heavily wounded.
Pikel hits you with a +2 whip of electrocution.
Pikel hits you with a +2 whip of electrocution!
You hit Pikel but do no damage.
Pikel is heavily wounded.
Pikel hits you with a +2 whip of electrocution!
Pikel hits you with a +2 whip of electrocution!
* * * LOW HITPOINT WARNING * * *
There is a stone staircase leading up here.
Pikel hits you with a +2 whip of electrocution!
You die...

##########
Z....
.........#
.....
.#########.#
.....
.......@K#.#
.....
.######....#
..... ####.#
.....
#.########.....
#....)[)..#
#########.# #.#
#.# #..


You could see Pikel (berserk).

Vanquished Creatures
  A two-headed ogre (D:6)
  Maggie (D:6)
  Menkaure (D:5)
  A water moccasin (D:6)
  4 ogres
  2 necrophages
  A centaur (D:6)
  3 phantoms
  Blork the orc (D:4)
  6 killer bees (D:4)
  A gnoll shaman (D:7)
  2 hounds
  3 jellies
  2 orc priests
  Ijyb (D:5)
  2 iguanas
  3 orc wizards
  A howler monkey zombie (D:6)
  2 gnolls (D:7)
  A howler monkey skeleton (D:7)
  2 adders
  An adder skeleton (D:4)
  4 worms
  A dart slug (D:2)
  12 orcs
  6 ball pythons
  9 endoplasms
  4 giant cockroaches
  11 goblins
  3 hobgoblins
  8 jackals
  7 quokkas
  6 bats
  2 frilled lizards
  2 kobolds
  6 rats
123 creatures vanquished.

Vanquished Creatures (others)
  A fungus (D:6)
  A plant (D:1)
2 creatures vanquished.

Grand Total: 125 creatures vanquished

Notes
Turn   | Place    | Note
-------+----------+-------------------------------------------
     0 | D:1      | Eitelfritz the Tengu Air Elementalist began the quest for
                  | the Orb.
     0 | D:1      | Reached XP level 1. HP: 10/10 MP: 4/4
   136 | D:1      | Reached XP level 2. HP: 15/15 MP: 1/6
   706 | D:1      | Reached XP level 3. HP: 19/19 MP: 5/7
   729 | D:1      | Found a faded altar of an unknown god.
  1075 | D:2      | Learned a level 2 spell: Static Discharge
  1573 | D:2      | Reached XP level 4. HP: 24/24 MP: 5/8
  1605 | D:2      | Reached skill level 5 in Air Magic
  2108 | D:3      | Identified the +2 scale mail of Yshruruet {Fly rN+++ Will-
                  | Int-2}
  2733 | D:3      | Found a burning altar of Makhleb.
  2815 | D:3      | Gained mutation: Your magical nature lets you fly swiftly
                  | and evasively. [Tengu growth]
  2815 | D:3      | Reached XP level 5. HP: 4/28 MP: 2/10
  2815 | D:3      | HP: 1/28 [orc/+0 club (3)]
  2925 | D:3      | Learned a level 3 spell: Swiftness
  3292 | D:3      | Noticed an ogre
  3327 | D:3      | Killed an ogre
  3447 | D:3      | Found a shimmering blue altar of Sif Muna.
  3647 | D:4      | Noticed a phantom
  3657 | D:4      | Killed a phantom
  3658 | D:4      | Reached skill level 6 in Air Magic
  3658 | D:4      | Reached XP level 6. HP: 33/33 MP: 11/12
  3722 | D:4      | Noticed a necrophage
  3845 | D:4      | Killed a necrophage
  3846 | D:4      | Reached skill level 1 in Polearms
  4018 | D:4      | Got the Reference Book on Displacement
  4405 | D:4      | Reached skill level 1 in Armour
  4405 | D:4      | Reached XP level 7. HP: 32/37 MP: 14/14
  4664 | D:4      | Reached skill level 5 in Conjurations
  4853 | D:4      | Noticed Blork the orc
  4859 | D:4      | Killed Blork the orc
  4860 | D:4      | Reached skill level 7 in Air Magic
  5156 | D:5      | Entered Level 5 of the Dungeon
  5202 | D:5      | Noticed Ijyb
  5210 | D:5      | Killed Ijyb
  5402 | D:5      | Noticed Menkaure
  5421 | D:5      | Reached XP level 8. HP: 42/42 MP: 14/16
  5422 | D:5      | Reached skill level 5 in Spellcasting
  5426 | D:5      | Killed Menkaure
  5427 | D:5      | Reached skill level 1 in Fighting
  5545 | D:5      | Found a staircase to the Ecumenical Temple.
  5814 | D:5      | Found a hide-covered altar of Uskayaw.
  5834 | Temple   | Entered the Ecumenical Temple
  5928 | Temple   | Became a worshipper of Vehumet
  6211 | D:6      | Noticed Maggie
  6221 | D:6      | Killed Maggie
  6222 | D:6      | Reached skill level 8 in Air Magic
  6594 | D:6      | Reached XP level 9. HP: 47/47 MP: 18/18
  6673 | D:6      | Reached skill level 1 in Shields
  6772 | D:6      | Found a blossoming altar of Fedhas.
  6966 | D:6      | Found Xyabot's Weapon Boutique.
  6969 | D:6      | Noticed a two-headed ogre
  7078 | D:6      | Killed a two-headed ogre
  7204 | D:6      | Found an ornate altar of the Wu Jian Council.
  7578 | D:6      | Learned a level 4 spell: Airstrike
  7580 | D:6      | Learned a level 1 spell: Slow
  7899 | D:7      | Reached skill level 9 in Air Magic
  7958 | D:7      | Noticed Pikel
  7973 | D:7      | Slain by Pikel

Illustrated notes

Levels and vault maps discovered:
D:1:      heliophobic_arrival_glass_houses, layout_basic,
          shapermc_ecumenical_altar_acropolis
D:2:      layout_rooms, kennysheep_generic_room_11
D:3:      layout_loops_cross, kennysheep_orc_sif_temple, lightli_temple_of_fire,
          minmay_misc_feat_square, serial_bayou_pond_e,
          kennysheep_generic_room_6
D:4:      layout_loops_ring, chequers_mini_garden, kennysheep_potato,
          uniq_blork_the_orc
D:5:      layout_rooms, nicolae_uskayaw_suspiria, minmay_temple_entry_mist,
          uniq_menkaure, uniq_ijyb
D:6:      layout_loops_ring, nicolae_wu_jian_glorious_leap, fedhas_altar_3,
          serial_shops, nicolae_shop_bloodbath_and_beyond, minivault_10,
          uniq_maggie
D:7:      layout_basic, nicolae_shop_overcharged_wands, uniq_pikel
Temple:   dshaligram_water_room_temple

Skill      XL: |  1  2  3  4  5  6  7  8  9 |
---------------+----------------------------+-----
Conjurations   | 2 3 4 5 6 7 |  7.6
Air Magic      | 5 6 7 8 9 |  9.1
Spellcasting   | 3 4 5 6 |  6.6
Polearms       | 1 2 |  2.9
Armour         | 1 2 |  2.9
Fighting       | 1 2 |  2.9
Dodging        | 3 4 |  4.0
Stealth        | 3 |  3.0
Shields        | 1 |  1.3
Staves         | |  0.6
Throwing       | |  0.3

Action                   |  1- 3 |  4- 6 |  7- 9 || total
-------------------------+-------+-------+-------++-------
Melee: Spear             |    29 |    34 |    47 ||   110
       Peck              |     5 |     2 |    13 ||    20
       Unarmed           |     3 |       |       ||     3
       Kick              |     2 |     7 |     9 ||    18
       Staff             |       |       |    13 ||    13
       Punch             |       |       |     1 ||     1
Throw: Dart              |       |       |     2 ||     2
 Cast: Shock             |    60 |   112 |   141 ||   313
       Static Discharge  |       |       |    15 ||    15
  Use: Potion            |     1 |       |     1 ||     2
       Scroll            |       |     5 |     7 ||    12
Armor: Skin              |     7 |       |     5 ||    12
       Robe              |     3 |     3 |       ||     6
       Leather armour    |       |     2 |    14 ||    16
Dodge: Dodged            |    15 |    36 |    44 ||    95
Block: Other             |       |       |    18 ||    18
       Reflection        |       |       |     2 ||     2
